Map: Ulrena

Players

Siege - Winner!

  • Race: Terran Terran
  • League: Diamond

LilDicky

  • Race: Terran Terran
  • League: Diamond

VOD

http://www.twitch.tv/tumescentpie

Description

Time

  • Played on: Dec. 12, 2015, 9:55 p.m.
  • Length: 5:11
Show
View Real Time Build Order
Export as new Build Order

Siege Terran - Winner!

Build Orders: 1/1/1, Banshee Rush 

Get SALT Encoding   

  12  0:00  SCV  
  13  0:12  SCV  
  14  0:17  Supply Depot  
  14  0:25  SCV  
  15  0:36  Refinery  
  15  0:39  SCV  
  16  0:45  Barracks  
  16  0:51  SCV  
  17  0:57  Refinery  
  17  1:03  SCV  
  18  1:15  SCV  
  19  1:31  Orbital Command  
  19  1:32  Reaper  
  20  1:38  Supply Depot  
  20  1:43  Factory  
  20  1:57  SCV  
  21  2:02  Supply Depot  
  21  2:04  Reaper  
  22  2:13  SCV  
  23  2:25  SCV  
  23  2:29  Hellion, Starport  
  26  2:41  Barracks Tech Lab  
  26  2:42  SCV  
  27  2:51  Hellion  
  27  2:53  Engineering Bay  
  27  2:54  SCV  
  27  2:57  Supply Depot  
  30  3:07  Barracks Reactor  
  30  3:12  Banshee  
  33  3:13  Cloaking Field  
  33  3:26  Missile Turret  
  33  3:28  Factory Tech Lab  
  33  3:35  SCV  
  32  4:13  Banshee, Hellion  
  37  4:22  Marine x2  
  36  4:43  SCV  
  36  4:44  Marine x2  
  38  4:47  Missile Turret  
  41  4:55  Command Center  
Show
View Real Time Build Order
Export as new Build Order

LilDicky Terran 

Build Orders: Reaper Expand 

Get SALT Encoding   

  12  0:01  SCV  
  13  0:13  SCV  
  14  0:18  Supply Depot  
  14  0:26  SCV  
  15  0:40  SCV  
  15  0:42  Refinery  
  16  0:45  Barracks  
  16  0:52  SCV  
  17  1:04  SCV  
  18  1:16  SCV  
  19  1:33  Reaper  
  19  1:35  Supply Depot  
  19  1:37  Orbital Command  
  19  1:38  Refinery  
  20  2:10  Command Center  
  20  2:11  Factory  
  20  2:18  Marine  
  20  2:20  SCV  
  22  2:32  Supply Depot, SCV  
  23  2:43  Marine  
  24  2:46  SCV  
  25  2:54  Supply Depot  
  25  3:01  SCV, Marine  
  25  3:05  Starport  
  27  3:07  Factory Tech Lab  
  27  3:13  SCV  
  28  3:26  Orbital Command  
  28  3:31  SCV  
  29  3:35  Supply Depot, Factory Reactor  
  29  3:43  SCV  
  29  3:53  Banshee  
  28  3:55  SCV  
  26  4:05  Marine  
  26  4:06  Orbital Command  
  19  4:20  Hellion x2  
  19  4:23  Marine  
  16  4:41  SCV x2  
  18  4:53  SCV  
  18  4:58  SCV  
Tags
 
Add a new tag
Caveats
  • Supply blocks, unpowered buildings, or Contaminate may cause inaccurate times.
  • Supply counts are checked every 10 seconds.